AoeStats
← Niko0

Arabia

510383533Analyzed
1v1 RM · 1d ago on Sep 30, 2026· 50m 30s· 2 players
Game mode
Random Map
Map size
Tiny (2 player)
Population
200
Speed
Normal
Resources
Standard
Victory
Conquest
Starting age
Dark Age
Ending age
Imperial Age
RankedLock teamsTeams togetherTeam positionsShared explorationLock speedFull tech treeHidden civsTurbo modeCheats
Victory
Defeat
🇦🇷 Vikings · Argentina
876
+15
🇭🇺 Magyars · Hungary
854
-15
pizsamasbanan
10:22 Feudal Age
10:53 Double-Bit Axe
11:43 Loom
20:42 Scale Barding Armor
23:40 Horse Collar
27:41 Castle Age
26:02 Fletching
26:51 Bloodlines
29:08 Bodkin Arrow
30:29 Chain Barding Armor
30:44 Thumb Ring
37:26 Husbandry
38:06 Gold Mining
38:18 Heavy Plow
38:31 Bow Saw
39:49 Wheelbarrow
41:57 Hand Cart
47:35 Imperial Age
Niko0
11:20 Feudal Age
12:14 Man-at-Arms
14:10 Arson
15:05 Loom
20:11 Castle Age
19:30 Double-Bit Axe
21:37 Pikeman
22:55 Forging
24:07 Loom
24:42 Stone Mining
28:16 Iron Casting
29:19 Scale Mail Armor
29:23 Squires
30:43 Padded Archer Armor
31:08 Gold Mining
32:07 Elite Skirmisher
34:13 Leather Archer Armor
33:49 Fletching
35:41 Ballistics
36:21 Bodkin Arrow
39:41 Town Watch
44:57 Imperial Age
42:33 Town Patrol
42:53 Chain Mail Armor
42:45 Scale Barding Armor
44:16 Chieftains
45:52 Chain Barding Armor
46:35 Elite Berserk
48:49 Blast Furnace
48:19 Plate Mail Armor
48:49 Blast Furnace
48:19 Plate Mail Armor
Connection lost

Rejoining the realm…

Still unreachable

The connection could not be restored.

Session expired

The server has moved on; the page needs a fresh start.